 Dungeon Crawl Stone Soup version 0.27-a0-1105-g946c659c87 (webtiles) character file.

Game seed: 7489754623888405374

810 gruber the Chiller (level 7, 0/57 HPs)
             Began as a Demigod Ice Elementalist on Apr 25, 2021.
             Slain by a phantom (7 damage)
             ... on level 4 of the Dungeon on Apr 29, 2021.
             The game lasted 00:08:28 (5548 turns).

gruber the Chiller (Demigod Ice Elementalist)       Turns: 5548, Time: 00:08:28

Health: 0/57       AC:  8    Str:  9    XL:     7   Next: 34%
Magic:  2/15       EV: 12    Int: 25    God:
Gold:   200        SH:  0    Dex: 14    Spells: 4/12 levels left

rFire    . . .     SeeInvis .   k - +2 dagger (venom)
rCold    . . .     Faith    .   (no shield)
rNeg     . . .     Spirit   .   o - +2 robe {Archmagi}
rPois    .         Reflect  .   (no helmet)
rElec    .         Harm     .   (no cloak)
rCorr    .         Rampage  .   m - +0 pair of gloves
Will     .....                  r - +2 pair of boots
Stlth    ++........             (no amulet)
HPRegen  0.19/turn              (no ring)
MPRegen  0.14/turn              (no ring)

@: no status effects
A: high mp 1, forlorn
a: no special abilities


You were on level 4 of the Dungeon.
You visited 1 branch of the dungeon, and saw 4 of its levels.
You also visited: Sewer.

You collected 200 gold pieces.

Inventory:

Hand Weapons
 k - a +2 dagger of venom (weapon)
Armour
 m - a +0 pair of gloves (worn)
 o - a +2 robe of the Archmagi (worn)
 r - a +2 pair of boots (worn)
Jewellery
 l - a ring of willpower
Wands
 f - a wand of charming (9)
 y - a wand of iceblast (12)
Scrolls
 a - 4 scrolls of magic mapping {unknown}
 b - a scroll of noise {unknown}
 c - a scroll of enchant weapon {unknown}
 d - a scroll of identify {unknown}
 i - a scroll of silence {unknown}
 p - 2 scrolls of fear {unknown}
 q - a scroll of teleportation {unknown}
 w - 2 scrolls of fog {unknown}
 x - a scroll of blinking {unknown}
 z - a scroll of enchant armour {unknown}
Potions
 e - a potion of mutation {unknown}
 g - a potion of resistance {unknown}
 h - 4 potions of curing {unknown}
 j - a potion of degeneration {unknown}
 n - a potion of ambrosia {unknown}
 s - a potion of might {unknown}
 t - 4 potions of magic {unknown}
 u - 3 potions of haste {unknown}
 v - 3 potions of heal wounds {unknown}


   Skills:
 - Level 3.2 Fighting
 - Level 0.4 Long Blades
 - Level 0.1(0.2) Axes
 - Level 0.1(0.2) Maces & Flails
 - Level 0.1(0.2) Polearms
 - Level 0.1(0.2) Staves
 - Level 0.8(0.9) Slings
 - Level 0.1 Bows
 - Level 0.1 Crossbows
 - Level 0.1(0.4) Throwing
 - Level 2.6 Armour
 + Level 1.7 Dodging
 - Level 1.7 Stealth
 - Level 0.3 Shields
 - Level 3.2 Spellcasting
 - Level 0.1 Conjurations
 - Level 0.1 Hexes
 - Level 0.1 Summonings
 - Level 0.1 Necromancy
 - Level 0.1 Translocations
 - Level 0.1 Transmutations
 - Level 0.1 Fire Magic
 - Level 6.0 Ice Magic
 - Level 0.1 Air Magic
 - Level 0.2 Earth Magic
 + Level 0.2 Poison Magic


You had 4 spell levels left.
You knew the following spells:

 Your Spells              Type           Power      Damage    Failure   Level
a - Freeze                Ice            100%       1d11      1%          1
b - Frozen Ramparts       Ice            100%       1d12      2%          3
c - Hailstorm             Conj/Ice       29%        3d8       28%         4

Your spell library contained the following spells:

 Spells                   Type           Power      Damage    Failure   Level
 Ozocubu's Armour         Ice            51%        N/A       2%          3
 Animate Skeleton         Necr           14%        N/A       10%         1
 Apportation              Tloc           14%        N/A       10%         1
 Corona                   Hex            7%         N/A       10%         1
 Summon Small Mammal      Summ           28%        N/A       10%         1
 Confusing Touch          Hex            7%         N/A       28%         3
 Gell's Gravitas          Tloc           3%         N/A       28%         3
 Petrify                  Tmut/Erth      7%         N/A       65%         4
 Metabolic Englaciation   Hex/Ice        14%        N/A       61%         5
 Yara's Violent Unravell  Hex/Tmut       3%         3d4       95%         5


Dungeon Overview and Level Annotations

Branches:
Dungeon (4/15)             Temple (0/1) D:4           Sewer (visited)

Annotations:
D:3 1 runed translucent door, Sassenached's ghost, weakling DrWn


Innate Abilities, Weirdness & Mutations

Your attributes grow dramatically as you level up.
You have an increased reservoir of magic. (+10% MP)
You shall have no god before yourself.


Message History

Unknown command.
Unknown command.
The phantom resists.
The wall freezes the phantom.
The phantom hits you.
The phantom resists.
The wall freezes the phantom.
The phantom closely misses you.
The phantom resists.
The wall freezes the phantom.
The phantom hits you but does no damage.
The phantom completely resists.
The wall freezes the phantom but does no damage.
The phantom hits you.
The phantom blinks!
You blink.
The frozen ramparts melt away as you move.
Unknown command.
Unknown command.
Casting: Frozen Ramparts (dangerous; 2% risk of failure)
Confirm with . or Enter, or press ? or * to list all spells.
Casting: Frozen Ramparts (dangerous; 2% risk of failure)
Press: ? - help, Dir - look around, f - activate You feel a surge of power!
The walls around you are covered in ice.
The phantom resists.
The wall freezes the phantom.
The phantom barely misses you.
Unknown command.
Unknown command.
The phantom completely resists.
The wall freezes the phantom but does no damage.
The phantom misses you.
The phantom resists.
The wall freezes the phantom.
The phantom completely misses you.
The phantom resists.
The wall freezes the phantom.
The phantom hits you!
* * * LOW HITPOINT WARNING * * *
The phantom resists.
The wall freezes the phantom.
The phantom barely misses you.
The phantom completely resists.
The wall freezes the phantom but does no damage.
The phantom hits you.
* * * LOW HITPOINT WARNING * * *
The phantom blinks!
You blink.
The frozen ramparts melt away as you move.
The phantom hits you!
You die...

.######............#.##
#..#..# ....#.............###
#..#..# .##..... ##........#
#....## .......# ##.......###
#####......
#.....###......#...#
#.##.......
#..<..##.....#...###....#.#...
##......................####..
#....#.................###...
###.......#.@.###............
##..)..##.W........#.....#.
#...........ยง.....##....#.
###....#...#........#...##
###..#...........###..#
#.#...........## ####
#####.#.#.....# #.####...##
### #####


You could see a phantom.

Vanquished Creatures
  Grinder (D:4)
  An ogre (D:4)
  2 bullfrogs (Sewer)
  A howler monkey (D:4)
  Jessica (D:2)
  2 orc wizards (D:4)
  An iguana (D:4)
  4 gnolls (D:3)
  5 adders
  4 river rats (Sewer)
  An adder skeleton (D:4)
  5 worms
  4 dart slugs
  7 orcs
  16 ball pythons
  8 endoplasms
  5 giant cockroaches
  7 goblins
  12 hobgoblins
  4 jackals (D:2)
  4 quokkas
  2 bats
  4 frilled lizards
  5 kobolds
  28 rats
134 creatures vanquished.

Notes
Turn   | Place    | Note
-------+----------+-------------------------------------------
     0 | D:1      | gruber the Demigod Ice Elementalist began the quest for the
                  | Orb.
     0 | D:1      | Reached XP level 1. HP: 14/14 MP: 5/5
    49 | D:1      | Reached skill level 4 in Ice Magic
   166 | D:1      | Reached XP level 2. HP: 20/20 MP: 5/7
  1079 | D:1      | Upgraded the game from 0.27-a0-1081-ge8a0a9c698 to
                  | 0.27-a0-1105-g946c659c87
  1338 | D:2      | Reached XP level 3. HP: 18/26 MP: 2/8
  1580 | D:2      | Reached skill level 5 in Ice Magic
  2109 | D:2      | Reached XP level 4. HP: 33/33 MP: 7/9
  2220 | D:2      | Noticed Jessica
  2227 | D:2      | Killed Jessica
  3098 | D:3      | Learned a level 3 spell: Frozen Ramparts
  3139 | D:3      | Reached skill level 6 in Ice Magic
  3139 | D:3      | Reached XP level 5. HP: 28/38 MP: 5/10
  3249 | D:3      | Found a runed translucent door.
  3256 | D:3      | Noticed Sassenached's ghost (weakling DrWn)
  3793 | D:4      | Noticed Grinder
  3796 | D:4      | Paralysed by Grinder for 7 turns
  4088 | D:4      | Found a staircase to the Ecumenical Temple.
  4100 | D:4      | Found a glowing drain.
  4109 | Sewer    | Entered a sewer
  4775 | Sewer    | Reached skill level 1 in Fighting
  4775 | Sewer    | Reached XP level 6. HP: 45/47 MP: 8/13
  5062 | D:4      | Reached skill level 1 in Armour
  5068 | D:4      | Paralysed by Grinder for 3 turns
  5077 | D:4      | Paralysed by Grinder for 3 turns
  5092 | D:4      | Paralysed by Grinder for 6 turns
  5098 | D:4      | Killed Grinder
  5099 | D:4      | Reached XP level 7. HP: 15/57 MP: 1/15
  5469 | D:4      | Learned a level 4 spell: Hailstorm
  5548 | D:4      | Slain by a phantom

Illustrated notes

Levels and vault maps discovered:
D:1:      dpeg_arrival_pits, layout_loops_cross,
          ebering_ecumenical_altar_petrified, minmay_small_reverse_x
D:2:      layout_basic, minmay_pentomino_u4, uniq_jessica
D:3:      layout_rooms, nicolae_elyvilon_peaceful_grove,
          lemuel_coloured_pillars_altar, gammafunk_ghost_grave
D:4:      layout_cave_pools, general_overflow_altar,
          minmay_temple_entry_water_ring, cheibrodos_sewer_entry_drain,
          uniq_grinder

Skill      XL: |  1  2  3  4  5  6 |
---------------+-------------------+-----
Ice Magic      | 4 5 6 |  6.0
Spellcasting   | 3 |  3.2
Fighting       | 1 3 |  3.2
Armour         | 2 |  2.6
Long Blades    | |  0.4
Axes           | |  0.1
Maces & Flails | |  0.1
Polearms       | |  0.1
Staves         | |  0.1
Slings         | |  0.8
Bows           | |  0.1
Crossbows      | |  0.1
Throwing       | |  0.1
Dodging        | |  1.7
Stealth        | |  1.7
Shields        | |  0.3
Conjurations   | |  0.1
Hexes          | |  0.1
Summonings     | |  0.1
Necromancy     | |  0.1
Translocations | |  0.1
Transmutations | |  0.1
Fire Magic     | |  0.1
Air Magic      | |  0.1
Earth Magic    | |  0.2
Poison Magic   | |  0.2

Action                   |  1- 3 |  4- 6 |  7- 9 || total
-------------------------+-------+-------+-------++-------
Melee: Unarmed           |    32 |     4 |       ||    36
       Dagger            |       |    95 |    12 ||   107
 Cast: Freeze            |    77 |    56 |     4 ||   137
       Frozen Ramparts   |       |    16 |     6 ||    22
 Stab: Sleeping          |     3 |       |       ||     3
Armor: Robe              |    11 |    47 |     6 ||    64
Dodge: Dodged            |    55 |    80 |    10 ||   145

Table legend: (Time is in decaauts)
 A = Elapsed time spent in this place.
 B = Non-inter-level travel time spent in this place.
 C = Inter-level travel time spent in this place.
 D = Time resting spent in this place.
 E = Time spent auto-exploring this place.
 F = Levels seen in this place.
 G = Mean time per level.
                   A        B        C        D        E       F      G
               +--------+--------+--------+--------+--------+-----+--------+
         Total |   5597 |   5458 |    139 |    322 |   4072 |   5 | 1119.4 |
       Dungeon |   4800 |   4661 |    139 |    322 |   3480 |   4 | 1200.0 |
         Sewer |    797 |    797 |      0 |      0 |    592 |   1 |  797.0 |
               +--------+--------+--------+--------+--------+-----+--------+

Top non-repeatable levels by time:
     D:2: 1432 daAuts
     D:3: 1416 daAuts
     D:1: 1210 daAuts
   Sewer: 797 daAuts
     D:4: 740 daAuts
